 Dungeon Crawl Stone Soup version 0.23.0 (webtiles) character file.

Game seed: 6433017784919169978

32 Kass the Insei (level 3, 0/28 HPs)
             Began as a Gnoll Transmuter on Feb 19, 2019.
             Slain by a goblin
             ... wielding a +0 club
             ... led by Robin
              (4 damage)
             ... on level 2 of the Dungeon.
             The game lasted 00:01:38 (965 turns).

Kass the Insei (Gnoll Transmuter)                    Turns: 965, Time: 00:01:40

Health: 0/28       AC:  2    Str: 13    XL:     3   Next: 25%
Magic:  9/9        EV: 14    Int: 15    God:
Gold:   64         SH:  0    Dex: 15    Spells: 9/12 levels left

rFire    . . .     SeeInvis .     - Unarmed
rCold    . . .     Gourm    .   (no shield)
rNeg     . . .     Faith    .   b - +0 robe
rPois    .         Spirit   .   (no helmet)
rElec    .         Reflect  .   (no cloak)
rCorr    .         Harm     .   (no gloves)
MR       .....                  (no boots)
Stlth    ++........             (no amulet)
HPRegen  0.09/turn              (no ring)
MPRegen  0.11/turn              (no ring)

@: appendage (expiring)
A: distributed training, fangs 1, horns 2, strong nose
a: End Transformation


You were on level 2 of the Dungeon.
You were not hungry.
You had grown temporary horns.
You visited 1 branch of the dungeon, and saw 2 of its levels.

You collected 64 gold pieces.

Inventory:

Missiles
 a - 31 arrows
Armour
 b - a +0 robe (worn)
Scrolls
 c - a scroll of identify {unknown}
 f - a scroll of magic mapping {unknown}
 g - a scroll of fog {unknown}
 h - a scroll of teleportation {unknown}
Potions
 e - 2 potions of curing {unknown}
Comestibles
 d - a ration


   Skills:
 + Level 2.5 Fighting
 + Level 0.6 Short Blades
 + Level 0.6 Long Blades
 + Level 0.6 Axes
 + Level 0.6 Maces & Flails
 + Level 0.6 Polearms
 + Level 0.6 Staves
 + Level 0.6 Slings
 + Level 0.6 Bows
 + Level 0.6 Crossbows
 + Level 0.6 Throwing
 + Level 0.6 Armour
 + Level 4.5 Dodging
 + Level 0.6 Stealth
 + Level 0.6 Shields
 + Level 6.5 Unarmed Combat
 + Level 5.0 Spellcasting
 + Level 0.4 Conjurations
 + Level 0.4 Hexes
 + Level 0.4 Charms
 + Level 0.4 Summonings
 + Level 0.4 Necromancy
 + Level 0.4 Translocations
 + Level 3.7 Transmutations
 + Level 0.4 Fire Magic
 + Level 0.4 Ice Magic
 + Level 0.4 Air Magic
 + Level 0.4 Earth Magic
 + Level 0.4 Poison Magic
 + Level 0.8 Invocations
 + Level 0.6 Evocations


You had 9 spell levels left.
You knew the following spells:

 Your Spells              Type           Power        Failure   Level  Hunger
a - Beastly Appendage     Tmut           ###...       3%          1    None
b - Sticks to Snakes      Tmut           ###.....     5%          2    ##.....

Your spell library contained the following spells:

 Spells                   Type           Power        Failure   Level  Hunger
 Spider Form              Tmut/Pois      ##........   21%         3    ###....
 Ice Form                 Ice/Tmut       ##......     56%         4    ####...
 Blade Hands              Tmut           ###.......   67%         5    ######.


Dungeon Overview and Level Annotations

Branches:
Dungeon (2/15)

Altars:

Annotations:
D:2 Robin


Innate Abilities, Weirdness & Mutations

Your experience applies equally to all skills.
You have very sharp teeth.
Your uncanny sense of smell can sniff out nearby items.
You have a pair of horns on your head.


Message History

The goblin closely misses you.
You barely miss the goblin.
The goblin is severely wounded.
A goblin comes into view. It is wielding a +0 club.
The goblin hits you. Robin throws the goblin at you!
You barely miss the goblin. Your headbutt misses the goblin.
Your transformation is almost over.
The goblin barely misses you. The goblin closely misses you.
Robin throws the goblin at you!
You hit the goblin. You headbutt the goblin.
You kill the goblin!
The goblin hits you. The goblin hits you with a +0 club.
* * * LOW HITPOINT WARNING * * *
The goblin wields a +0 hunting sling.
The goblin shoots a stone.
The stone hits you.
* * * LOW HITPOINT WARNING * * *
Robin roars a battlecry!
The goblins go into a battle-frenzy!
The goblin hits you with a +0 club.
You die...

#..# .... #g. ... #gg###
.... #.# #g#g. ∆
.....g##w# #gg#
.....##.####g#
....##.##.#.# #
#.#.##.#.#@g# #.. #
#.#.#.##.##.#####.....
#........>†.......##..
#.#....####.#####.##.#
###.## #.# #.##.# #.#
##.## #.##.# #.####...#
#.##.#
#..[...#.####.##.########
######..............<....


You could see Robin, 5 hobgoblins and 3 goblins.

Vanquished Creatures
  A worm (D:2)
  A dart slug (D:1)
  2 giant cockroaches (D:1)
  9 goblins
  A hobgoblin (D:2)
  3 kobolds (D:1)
  A ball python (D:1)
  3 bats (D:1)
  3 rats (D:1)
24 creatures vanquished.

Notes
Turn   | Place    | Note
-------+----------+-------------------------------------------
     0 | D:1      | Kass the Gnoll Transmuter began the quest for the Orb.
     0 | D:1      | Reached XP level 1. HP: 17/17 MP: 6/6
   212 | D:1      | Reached XP level 2. HP: 11/23 MP: 7/7
   897 | D:2      | Learned a level 2 spell: Sticks to Snakes
   939 | D:2      | Reached XP level 3. HP: 25/28 MP: 7/9
   954 | D:2      | Reached skill level 5 in Spellcasting
   958 | D:2      | Noticed Robin
   965 | D:2      | Slain by a goblin

Skill      XL: |  1  2  3 |
---------------+----------+-----
Spellcasting   | 5 |  5.0
Fighting       | |  2.5
Short Blades   | |  0.6
Long Blades    | |  0.6
Axes           | |  0.6
Maces & Flails | |  0.6
Polearms       | |  0.6
Staves         | |  0.6
Slings         | |  0.6
Bows           | |  0.6
Crossbows      | |  0.6
Throwing       | |  0.6
Armour         | |  0.6
Dodging        | |  4.5
Stealth        | |  0.6
Shields        | |  0.6
Unarmed Combat | |  6.5
Conjurations   | |  0.4
Hexes          | |  0.4
Charms         | |  0.4
Summonings     | |  0.4
Necromancy     | |  0.4
Translocations | |  0.4
Transmutations | |  3.7
Fire Magic     | |  0.4
Ice Magic      | |  0.4
Air Magic      | |  0.4
Earth Magic    | |  0.4
Poison Magic   | |  0.4
Invocations    | |  0.8
Evocations     | |  0.6

Action                   || total
-------------------------++-------
Melee: Unarmed           ||    68
       Bite              ||     5
       Headbutt          ||     3
 Cast: Beastly Appendage ||     2
 Stab: Sleeping          ||     2
Armor: Robe              ||     4
Dodge: Dodged            ||    41
